Map: Catalyst LE

Players

JonSnow

  • Race: Zerg Zerg
  • Spawn Location: 11:00

Nerchio - Winner!

  • Race: Zerg Zerg
  • Spawn Location: 5:00

Event: WESG 2017 Haikou

VOD

Have the link to the VOD?

Description

Time

  • Played on: March 13, 2018, 3:20 a.m.
  • Length: 14:24

All games in this series

Show
View Real Time Build Order
Export as new Build Order

JonSnow Zerg 

Build Orders: Hatch First 

Get SALT Encoding   

  12  0:00  Drone  
  13  0:10  Drone  
  14  0:17  Overlord  
  14  0:28  Extractor, Drone  
  15  0:36  Drone  
  15  0:37  Drone  
  17  0:53  Hatchery  
  16  0:57  Drone  
  16  1:01  Drone  
  18  1:04  Extractor  
  17  1:17  Spawning Pool  
  17  1:18  Drone  
  17  1:22  Drone  
  18  1:28  Drone  
  19  1:42  Overlord  
  19  2:03  Zergling x4  
  19  2:04  Spine Crawler, Queen  
  19  2:05  Queen  
  24  2:14  Drone x2  
  24  2:15  Metabolic Boost  
  27  2:19  Drone  
  27  2:21  Drone  
  29  2:42  Hatchery  
  28  2:47  Drone x3  
  31  2:57  Overlord  
  31  3:02  Zergling x6  
  34  3:08  Zergling x2  
  35  3:14  Zergling x2  
  36  3:20  Zergling x14  
  42  3:28  Baneling Nest, Zergling x2  
  42  3:38  Zergling x2  
  43  3:48  Overlord  
  42  3:57  Drone x8  
  42  3:58  Overlord  
  50  4:06  Drone  
  49  4:11  Drone x2  
  49  4:12  Drone  
  52  4:23  Drone  
  52  4:24  Drone x2  
  52  4:28  Zergling x2  
  48  4:31  Extractor, Queen  
  48  4:32  Extractor  
  48  4:33  Zergling x2  
  48  4:34  Roach Warren, Evolution Chamber, Zergling x2  
  48  4:37  Drone  
  48  4:38  Drone  
  50  4:41  Baneling  
  50  4:42  Baneling  
  50  4:44  Zergling x6  
  53  4:46  Baneling x2  
  53  4:50  Zergling x2  
  53  4:51  Zergling x4  
  56  4:53  Drone x2  
  55  5:08  Drone x2  
  55  5:09  Overlord  
  57  5:17  Overlord  
  57  5:24  Drone  
  57  5:27  Drone x4  
  57  5:28  Drone x3  
  63  5:31  Zerg Missile Weapons Level 1, Lair  
  63  5:42  Drone x5  
  68  5:46  Zergling x2  
  68  5:47  Zergling x2  
  69  5:53  Drone x4  
  68  6:22  Drone x3  
  68  6:23  Drone  
  68  6:24  Extractor x2  
  65  6:26  Roach x4  
  65  6:30  Glial Reconstitution, Overlord  
  72  6:35  Hatchery, Roach  
  73  6:40  Overlord x2  
  73  6:41  Overlord x2  
  73  6:42  Extractor  
  72  6:47  Drone x2  
  72  6:52  Overlord x2  
  72  6:53  Roach, Unknown  
  72  6:54  Roach x3  
  81  7:00  Roach x5  
  91  7:03  Pneumatized Carapace  
  91  7:09  Drone x2  
  91  7:10  Drone x2  
  91  7:11  Drone  
  91  7:13  Drone  
  91  7:15  Drone x2  
  99  7:17  Roach  
  99  7:18  Ravager  
  99  7:19  Ravager x4  
  99  7:20  Overseer  
  106  7:24  Queen  
  106  7:27  Roach x3  
  114  7:32  Zerg Missile Weapons Level 2  
  114  7:36  Overlord x2  
  114  7:39  Drone  
  114  7:41  Overlord x2  
  115  7:45  Roach x3  
  115  7:50  Roach x3  
  127  7:54  Roach x2  
  127  7:57  Overlord  
  131  8:04  Drone x2  
  131  8:05  Drone x2  
  135  8:07  Roach x3  
  135  8:09  Ravager x2  
  135  8:10  Ravager x2  
  135  8:12  Roach x2  
  149  8:13  Roach  
  149  8:16  Overlord  
  149  8:18  Evolution Chamber  
  150  8:24  Roach x4  
  158  8:32  Roach  
  158  8:33  Roach x3  
  166  8:38  Ravager  
  166  8:39  Ravager  
  166  8:40  Roach x2  
  171  8:49  Roach x6  
  181  8:57  Zerg Ground Armor Level 1  
  178  9:06  Roach x3  
  178  9:07  Overlord  
  178  9:08  Overlord  
  182  9:18  Overlord x2  
  182  9:27  Extractor  
  178  9:34  Roach x10  
  198  9:39  Overlord  
  198  9:44  Hydralisk Den  
  195  9:54  Roach x4  
  193  10:07  Roach x3  
  199  10:18  Roach  
  199  10:19  Roach  
  199  10:28  Roach x13  
  171  10:36  Roach x2  
  164  10:43  Roach x6  
  168  10:50  Queen  
  168  10:51  Roach x4  
  178  10:59  Roach  
  178  11:03  Ravager x2  
  178  11:04  Ravager x6  
  188  11:05  Roach x2  
  188  11:06  Roach  
  188  11:09  Roach  
  188  11:10  Roach  
  196  11:34  Roach  
  198  11:42  Extractor, Spire  
  195  11:59  Roach x3  
  184  12:09  Roach  
  184  12:12  Roach x10  
  184  12:14  Spine Crawler  
  191  12:15  Spine Crawler  
  191  12:16  Spine Crawler  
  191  12:18  Spine Crawler x2, Roach x4  
  130  12:53  Zergling x2  
  130  12:54  Zergling x18  
  134  12:59  Overseer x3  
  121  13:13  Zergling x2  
  121  13:15  Hatchery  
Show
View Real Time Build Order
Export as new Build Order

Nerchio Zerg - Winner!

Build Orders: Pool First 

Get SALT Encoding   

  12  0:00  Drone  
  13  0:13  Overlord  
  13  0:17  Drone  
  14  0:31  Drone x2  
  14  0:35  Drone  
  17  0:45  Spawning Pool  
  17  0:48  Drone  
  18  0:57  Drone  
  18  0:58  Extractor  
  17  1:14  Hatchery  
  17  1:17  Drone  
  17  1:31  Queen  
  19  1:33  Zergling x2  
  20  1:40  Drone  
  20  1:43  Overlord  
  21  1:50  Drone  
  22  1:57  Metabolic Boost  
  22  2:03  Drone  
  23  2:08  Queen  
  23  2:12  Drone  
  26  2:22  Drone  
  27  2:27  Drone  
  28  2:33  Drone  
  29  2:40  Drone x2  
  31  2:47  Hatchery  
  30  2:52  Baneling Nest  
  30  2:54  Drone  
  30  2:58  Zergling x2  
  31  2:59  Zergling x2  
  31  3:01  Zergling x2  
  33  3:06  Overlord  
  33  3:12  Queen  
  35  3:20  Drone  
  35  3:25  Drone x4  
  35  3:26  Drone  
  41  3:30  Overlord  
  41  3:32  Drone  
  42  3:34  Drone  
  42  3:40  Baneling  
  43  3:44  Evolution Chamber  
  43  3:45  Zergling x4  
  44  3:49  Spine Crawler  
  44  3:50  Zergling x2  
  44  3:53  Zergling x2  
  44  3:54  Zergling x2  
  44  3:56  Zergling x2  
  44  3:57  Zergling x2  
  44  3:58  Zergling x2  
  44  4:00  Zergling x2  
  48  4:07  Zergling x6  
  48  4:08  Zergling x2  
  50  4:12  Baneling x2  
  50  4:20  Overlord  
  50  4:21  Zergling x2  
  48  4:29  Hatchery  
  48  4:31  Drone  
  44  4:33  Drone  
  44  4:34  Drone  
  44  4:35  Drone  
  44  4:38  Drone  
  48  4:39  Drone  
  48  4:43  Zerg Missile Weapons Level 1  
  49  4:46  Drone  
  49  4:47  Baneling x2  
  49  4:48  Drone  
  49  4:52  Drone  
  52  4:54  Overlord  
  52  5:07  Drone  
  52  5:08  Drone  
  52  5:11  Roach Warren, Extractor  
  52  5:12  Drone x3  
  54  5:14  Drone x2  
  54  5:17  Lair  
  55  5:22  Drone  
  55  5:23  Drone x2  
  55  5:28  Drone x2  
  59  5:32  Extractor  
  59  5:34  Extractor  
  57  5:37  Drone  
  56  5:51  Zergling x6  
  57  5:57  Drone x2  
  57  5:58  Drone x5  
  57  6:00  Drone  
  65  6:08  Roach x2  
  69  6:13  Roach  
  69  6:15  Roach  
  69  6:16  Roach  
  71  6:19  Queen  
  71  6:20  Glial Reconstitution  
  71  6:22  Drone x3  
  71  6:23  Drone  
  71  6:24  Drone  
  73  6:26  Drone  
  73  6:30  Overlord x2  
  73  6:33  Overseer  
  73  6:42  Overlord  
  73  6:44  Extractor  
  73  6:45  Overlord  
  73  6:46  Queen  
  72  6:47  Hatchery  
  72  6:50  Drone x2  
  72  6:52  Drone x3  
  78  6:54  Roach  
  78  6:56  Roach  
  78  6:58  Roach  
  78  7:01  Zerg Missile Weapons Level 2  
  84  7:03  Roach  
  84  7:06  Roach  
  84  7:07  Roach  
  90  7:09  Roach  
  90  7:10  Roach  
  90  7:12  Roach  
  90  7:14  Roach  
  98  7:16  Roach  
  98  7:17  Roach  
  98  7:19  Overlord  
  98  7:21  Overlord  
  102  7:28  Overlord x2  
  102  7:33  Overlord x2  
  102  7:40  Roach x4  
  102  7:42  Roach  
  102  7:43  Ravager  
  113  7:45  Overlord x2  
  113  7:48  Roach x2  
  113  7:50  Roach  
  119  7:52  Ravager x2  
  119  7:53  Roach  
  119  7:54  Roach  
  119  7:56  Roach  
  119  7:58  Roach  
  129  7:59  Roach  
  129  8:02  Roach x2  
  129  8:04  Roach  
  137  8:06  Roach  
  137  8:08  Roach  
  137  8:09  Roach  
  143  8:13  Overlord  
  143  8:14  Roach  
  143  8:16  Ravager  
  143  8:17  Ravager x3  
  143  8:18  Roach  
  151  8:21  Roach  
  151  8:26  Drone x4  
  157  8:27  Drone  
  157  8:28  Drone  
  157  8:31  Extractor  
  158  8:35  Hydralisk Den  
  158  8:36  Roach x3  
  163  8:43  Roach x2  
  163  8:44  Roach  
  169  8:59  Overlord x3  
  165  9:03  Overlord  
  165  9:06  Roach x7  
  165  9:08  Overlord  
  175  9:10  Overlord  
  175  9:15  Ravager x3  
  176  9:19  Roach x2  
  176  9:20  Roach x2  
  176  9:21  Roach  
  186  9:24  Hydralisk  
  186  9:25  Lurker Den  
  186  9:27  Hydralisk  
  189  9:32  Hydralisk  
  189  9:33  Hydralisk  
  190  9:39  Zerg Ground Armor Level 1  
  190  9:42  Drone x2, Extractor  
  191  9:46  Roach x4  
  193  9:54  Roach x3  
  200  10:00  Ravager  
  200  10:02  Roach  
  200  10:04  Roach  
  200  10:19  Roach x4  
  200  10:26  Roach x2  
  200  10:27  Roach x3  
  200  10:28  Roach  
  188  10:29  Roach x3  
  188  10:30  Roach x4  
  162  10:38  Roach  
  162  10:39  Roach x4  
  164  10:44  Roach  
  164  10:45  Roach x3  
  164  10:52  Hydralisk x2  
  164  10:53  Ravager x2  
  164  10:55  Hatchery, Roach  
  169  11:00  Hydralisk x2  
  173  11:06  Hydralisk  
  173  11:10  Hydralisk  
  173  11:11  Hydralisk  
  177  11:14  Hydralisk  
  181  11:23  Hydralisk x2  
  185  11:26  Lurker  
  185  11:27  Roach  
  185  11:29  Roach  
  185  11:30  Roach  
  185  11:31  Roach  
  190  11:32  Roach  
  190  11:37  Drone x2  
  190  11:39  Lurker  
  193  11:44  Lurker  
  194  11:52  Roach  
  196  11:54  Roach  
  196  11:55  Roach  
  196  11:58  Roach  
  196  11:59  Roach  
  200  12:04  Roach  
  200  12:05  Roach x2  
  188  12:09  Roach x6  
  188  12:11  Roach x3  
  188  12:13  Roach  
  187  12:16  Roach  
  187  12:22  Roach x2  
  177  12:24  Roach  
  177  12:27  Roach  
  177  12:30  Roach  
  177  12:33  Roach  
  177  12:35  Ravager  
  149  12:40  Roach  
  137  13:18  Roach Warren  
  119  13:53  Hatchery  
  101  13:58  Roach x2  
  101  13:59  Roach  
Tags
 
Add a new tag
Caveats
  • Supply blocks, unpowered buildings, or Contaminate may cause inaccurate times.
  • Supply counts are checked every 10 seconds.